 Dungeon Crawl Stone Soup version 0.20-a0-151-g755e310 (webtiles) character file.

18155 Drak the Carver (level 12, 0/94 HPs)
             Began as a Minotaur Fighter on Nov 22, 2016.
             Was a High Priest of Okawaru.
             Slain by a yak (1 damage)
             ... on level 1 of the Lair of Beasts.
             The game lasted 00:34:48 (11393 turns).

Drak the Carver (Minotaur Fighter)                 Turns: 11393, Time: 00:34:49

Health: 0/94       AC: 21    Str: 27    XL:     12   Next: 25%
Magic:  17/17      EV:  2    Int:  5    God:    Okawaru [*****.]
Gold:   738        SH:  0    Dex: 13    Spells: 11/11 levels left

rFire  + . .     SeeInvis .     a - +0 long sword
rCold  . . .     Gourm    .     N - +6 scale mail of Vlad {rF+}
rNeg   + + +     Faith    +     D - +0 buckler
rPois  ∞         Spirit   .     (helmet restricted)
rElec  .         Reflect  .     s - +0 cloak
rCorr  .         Harm     .     n - +0 pair of gloves
MR     .....                    b - +1 pair of boots
Stlth  +.........               P - amulet of faith
                                M - +4 ring of strength
                                C - ring of stealth

@: petrified
A: retaliatory headbutt, horns 2
a: Heroism, Finesse, Renounce Religion


You were on level 1 of the Lair of Beasts.
You worshipped Okawaru.
Okawaru was extremely pleased with you.
You were not hungry.

You visited 3 branches of the dungeon, and saw 13 of its levels.
You also visited: Sewer and Ossuary.

You collected 738 gold pieces.

Inventory:

Hand Weapons
 a - a +0 long sword (weapon)
 v - a +1 flail of protection
Missiles
 e - 4 silver javelins (quivered)
Armour
 b - a +1 pair of boots (worn)
 n - a +0 pair of gloves (worn)
 s - a +0 cloak (worn)
 z - a +3 chain mail of cold resistance
 D - a +0 buckler (worn)
 N - the +6 scale mail of Vlad (worn) {rF+}
   (You found it on level 7 of the Dungeon)

   It protects you from fire.
Jewellery
 y - a +5 ring of dexterity {unknown}
 C - a ring of stealth (left hand)
 M - a +4 ring of strength (right hand)
 O - an uncursed ring of fire
 P - an amulet of faith (around neck)
 V - a +2 ring of dexterity {unknown}
 W - an uncursed ring of flight {unknown}
Wands
 p - a wand of lightning (4/15)
 t - a wand of iceblast (8/15)
 x - a wand of lightning (3/15)
 K - a wand of heal wounds (2/9)
Scrolls
 c - 2 scrolls of magic mapping
 g - 6 scrolls of enchant armour
 h - a scroll of summoning {unknown}
 i - 2 scrolls of immolation {unknown}
 l - 5 scrolls of teleportation
 q - 2 scrolls of fog {unknown}
 w - 4 scrolls of identify
 A - a scroll of noise
 B - 2 scrolls of fear
 G - a scroll of enchant weapon {unknown}
 I - 2 scrolls of amnesia
 J - 5 scrolls of remove curse
 R - a scroll of vulnerability {unknown}
 X - a scroll of blinking {unknown}
 Z - a scroll of recharging
Potions
 d - a potion of brilliance
 j - a potion of lignification {unknown}
 m - 2 potions of flight {unknown}
 o - 13 potions of curing
 r - 13 potions of degeneration
 L - a potion of cancellation
 T - a potion of cure mutation {unknown}
 Y - 3 potions of magic
Books
 S - a book of Air

   Spells                             Type                      Level
   a - Shock                          Conjuration/Air              1
   b - Swiftness                      Charms/Air                   2
   c - Repel Missiles                 Charms/Air                   2
   d - Static Discharge               Conjuration/Air              3
   e - Lightning Bolt                 Conjuration/Air              5
 U - a book of Frost

   Spells                             Type                      Level
   a - Freeze                         Ice                          1
   b - Throw Frost                    Conjuration/Ice              2
   c - Ozocubu's Armour               Charms/Ice                   3
   d - Throw Icicle                   Conjuration/Ice              4
   e - Summon Ice Beast               Ice/Summoning                4
Comestibles
 f - 7 bread rations
 k - 9 fruits
 u - 11 royal jellies
 E - 3 chunks of flesh
 F - 2 meat rations
 H - 3 slices of pizza
 Q - 8 beef jerkies


   Skills:
 - Level 5.1 Fighting
 - Level 14.0 Long Blades
 - Level 13.1 Armour
 + Level 9.2 Dodging
 - Level 4.1 Shields
 - Level 8.2 Invocations


You had 11 spell levels left.
You didn't know any spells.

Dungeon Overview and Level Annotations

Branches:
Dungeon (11/15)            Temple (1/1) D:7            Lair (1/6) D:11
    Orc (0/2) D:10

Altars:
Ashenzari
Cheibriados
Dithmenos
Elyvilon
Fedhas
Gozag
Hepliaklqana
Kikubaaqudgha
Makhleb
Nemelex Xobeh
Okawaru
Qazlal
Ru
Sif Muna
Trog
Uskayaw
Vehumet
Xom
Yredelemnul
Zin
The Shining One


Innate Abilities, Weirdness & Mutations

You reflexively headbutt those who attack you in melee.
You have a pair of horns on your head.


Message History

The yak gores you. The yak gores you but does no damage.
The catoblepas gores you!
* * * LOW HITPOINT WARNING * * *
You have turned to stone.
The yak gores you but does no damage. x2
The catoblepas gores you but does no damage.
The yak gores you but does no damage. The yak barely misses you.
The catoblepas gores you.
* * * LOW HITPOINT WARNING * * *
The yak gores you but does no damage. The yak gores you!
* * * LOW HITPOINT WARNING * * *
The catoblepas gores you but does no damage.
The yak gores you.
* * * LOW HITPOINT WARNING * * *
The yak barely misses you.
The catoblepas gores you but does no damage.
The yak gores you!
* * * LOW HITPOINT WARNING * * *
The yak gores you.
You die...

#....###...........#####
#P....##.._.......##
##................#
#...$............##
#....#.......#####
#...###....#### .....
##.Y.## ...## #P.Y## ..#
###Y@# .. #Y## #.. ##§
.# .Y ..


You could see a catoblepas and 3 yaks.

Vanquished Creatures
  A fire dragon (D:11)
  A hydra (D:11)
  2 unseen horrors (D:11)
  5 hill giants
  2 ugly things (D:11)
  A manticore (D:9)
  A centaur zombie (D:11)
  Psyche (D:9)
  A gargoyle (D:10)
  A komodo dragon (D:11)
  A queen bee (D:11)
  Grinder (D:3)
  2 hornets (D:9)
  3 two-headed ogres
  3 hippogriffs
  Sigmund (D:5)
  A wyvern (D:9)
  A wraith (D:11)
  A yak (Lair:1)
  2 hungry ghosts
  Menkaure (D:5)
  4 soldier ants
  A water moccasin (D:11)
  Purgy (Sewer)
  A swamp drake (D:10)
  4 ice beasts
  2 black bears
  5 orc warriors
  5 phantoms
  4 sky beasts
  5 ogres
  A wolf (D:11)
  6 centaurs
  2 crocodiles
  The ghost of jalala the Cutter, an amateur DECK of Xom (D:3)
  A big kobold (D:9)
  6 bullfrogs
  A scorpion (D:10)
  26 killer bees (D:11)
  2 howler monkeys
  8 crimson imps
  2 quasits
  2 bullfrog zombies
  A human zombie (Ossuary)
  A wyvern simulacrum (D:11)
  6 hounds
  5 jellies
  A bullfrog skeleton (D:8)
  3 centaur skeletons
  12 orc priests
  A gnoll shaman (D:8)
  3 iguanas
  17 orc wizards
  Natasha (thrice) (D:2)
  11 worker ants
  2 big kobold zombies (Ossuary)
  2 hound skeletons
  2 mummies (Ossuary)
  7 gnolls
  2 river rats (D:5)
  9 adders
  7 shadow imps
  An ooze (D:4)
  2 adder zombies
  3 adder skeletons
  6 worms
  A dart slug (D:1)
  3 leopard geckos
  63 orcs
  13 bats
  5 giant cockroaches
  6 goblins
  6 hobgoblins
  9 jackals
  11 kobolds
  6 quokkas
  2 ball pythons (D:3)
  3 frilled lizards
  2 goblin zombies (Ossuary)
  8 hobgoblin zombies (Ossuary)
  4 jackal zombies (Ossuary)
  9 kobold zombies (Ossuary)
  A leopard gecko skeleton (D:5)
  9 orc zombies (Ossuary)
  2 quokka skeletons (D:4)
  6 rats
  A rat zombie (Ossuary)
400 creatures vanquished.

Notes
Turn   | Place    | Note
-------+----------+-------------------------------------------
     0 | D:1      | Drak the Minotaur Fighter began the quest for the Orb.
     0 | D:1      | Reached XP level 1. HP: 19/19 MP: 0/0
   125 | D:1      | Reached skill level 3 in Long Blades
   231 | D:1      | Reached XP level 2. HP: 23/26 MP: 1/1
   560 | D:2      | Noticed Natasha
   563 | D:2      | Noticed a crimson imp
   563 | D:2      | Killed Natasha
   563 | D:2      | Reached skill level 4 in Long Blades
   563 | D:2      | Reached XP level 3. HP: 26/31 MP: 2/2
   844 | D:2      | Noticed Natasha
   854 | D:2      | Killed Natasha
   854 | D:2      | Reached skill level 5 in Long Blades
   854 | D:2      | Reached XP level 4. HP: 32/39 MP: 3/3
  1144 | D:2      | Noticed Natasha
  1152 | D:2      | Killed Natasha
  1489 | D:3      | Reached skill level 6 in Long Blades
  1574 | D:3      | Reached XP level 5. HP: 45/45 MP: 4/4
  1630 | D:3      | Reached skill level 1 in Dodging
  1703 | D:3      | Noticed Grinder
  1705 | D:3      | Paralysed by Grinder for 3 turns
  1710 | D:3      | Paralysed by Grinder for 3 turns
  1723 | D:3      | Killed Grinder
  1723 | D:3      | Reached XP level 6. HP: 25/51 MP: 5/5
  1755 | D:3      | Noticed jalala's ghost (amateur DECK)
  1927 | D:3      | Killed jalala's ghost
  1927 | D:3      | Reached skill level 5 in Dodging
  2607 | D:4      | Reached XP level 7. HP: 44/57 MP: 6/6
  2783 | D:4      | Reached skill level 7 in Long Blades
  3186 | D:4      | Found a burning altar of Makhleb.
  3399 | D:5      | Entered Level 5 of the Dungeon
  3453 | D:5      | Reached skill level 8 in Long Blades
  3564 | D:5      | Reached skill level 9 in Long Blades
  3586 | D:5      | Reached XP level 8. HP: 55/64 MP: 7/7
  3594 | D:5      | Noticed Sigmund
  3599 | D:5      | Reached skill level 5 in Armour
  3602 | D:5      | Killed Sigmund
  4056 | D:5      | Found a glowing drain.
  4066 | Sewer    | Entered a sewer
  4202 | Sewer    | Noticed Purgy
  4216 | Sewer    | Killed Purgy
  4431 | D:5      | Reached skill level 5 in Fighting
  4497 | D:5      | Noticed Menkaure
  4498 | D:5      | Found a basalt altar of Yredelemnul.
  4507 | D:5      | Killed Menkaure
  4875 | D:7      | Found a staircase to the Ecumenical Temple.
  4886 | Temple   | Entered the Ecumenical Temple
  4967 | Temple   | Became a worshipper of Warmaster Okawaru
  5010 | D:7      | Found a sand-covered staircase.
  5017 | Ossuary  | Entered an ossuary
  5119 | Ossuary  | Reached XP level 9. HP: 74/74 MP: 8/8
  5301 | D:7      | Reached skill level 10 in Long Blades
  5406 | D:7      | Got a pitted scale mail
  5417 | D:7      | Identified the +6 scale mail of Vlad {rF+} (You found it on level 7 of the Dungeon)
  5454 | D:6      | Reached * piety under Okawaru
  5526 | D:6      | Found a shimmering altar of Xom.
  6091 | D:7      | Reached ** piety under Okawaru
  6268 | D:7      | Reached skill level 10 in Armour
  6770 | D:8      | Reached XP level 10. HP: 81/81 MP: 9/9
  6977 | D:8      | Found a bloodstained altar of Trog.
  7267 | D:8      | Reached *** piety under Okawaru
  7323 | D:9      | Noticed Psyche
  7333 | D:9      | Killed Psyche
  7425 | D:9      | Found a snail-covered altar of Cheibriados.
  7540 | D:9      | Paralysed by a hornet for 2 turns
  8163 | D:9      | Noticed a manticore
  8171 | D:9      | Killed a manticore
  8171 | D:9      | Reached **** piety under Okawaru
  8189 | D:9      | Found a shattered altar of Ashenzari.
  8304 | D:10     | Entered Level 10 of the Dungeon
  8372 | D:10     | Noticed a hill giant
  8378 | D:10     | Killed a hill giant
  8378 | D:10     | Reached skill level 11 in Long Blades
  8495 | D:10     | Noticed a gargoyle
  8502 | D:10     | Killed a gargoyle
  8502 | D:10     | Reached ***** piety under Okawaru
  8502 | D:10     | Reached XP level 11. HP: 86/86 MP: 10/10
  8819 | D:10     | Noticed a hill giant
  8828 | D:10     | Killed a hill giant
  8985 | D:10     | Reached skill level 12 in Long Blades
  9014 | D:10     | Found a staircase to the Orcish Mines.
  9222 | D:11     | Found a staircase to the Lair.
  9243 | D:11     | Reached skill level 1 in Invocations
  9283 | D:11     | Noticed a white ugly thing
  9303 | D:11     | Killed a white ugly thing
  9479 | D:11     | Noticed a hill giant
  9516 | D:11     | Killed a hill giant
  9516 | D:11     | Reached skill level 5 in Invocations
  9527 | D:11     | Received a gift from Okawaru
  9592 | D:11     | Noticed a fire dragon
  9617 | D:11     | Killed a fire dragon
  9898 | D:11     | Noticed a white ugly thing
  9908 | D:11     | Killed a white ugly thing
 10098 | D:11     | Killed an unseen horror
 10256 | D:11     | Noticed a hill giant
 10269 | D:11     | Killed a hill giant
 10269 | D:11     | Reached XP level 12. HP: 19/94 MP: 15/17
 10512 | D:11     | Noticed a four-headed hydra
 10519 | D:11     | Killed a four-headed hydra
 10519 | D:11     | Reached skill level 13 in Long Blades
 11032 | D:11     | Received a gift from Okawaru
 11294 | D:11     | Reached skill level 14 in Long Blades
 11327 | Lair:1   | Entered Level 1 of the Lair of Beasts
 11329 | Lair:1   | Found a glowing silver altar of Zin.
 11358 | Lair:1   | Noticed a catoblepas
 11392 | Lair:1   | HP: 3/94 [yak (2)]
 11393 | Lair:1   | HP: 1/94 [yak (3)]
 11393 | Lair:1   | Slain by a yak

Vault maps used:
D:1:      minmay_arrival_loop, minivault_4, columned_hall_lemuel, st_stairs_13
D:2:      uniq_natasha
D:3:      uniq_grinder
D:4:      first_bread, makhleb_heckhound_becter
D:5:      basic_altar, gup_sewer_entry_spiral, grunt_decor_cap,
          grunt_ministairs_11, uniq_menkaure, uniq_sigmund
D:6:      kennysheep_mini
D:7:      serial_glass, glass_columns_a, glass_columns_a, glass_columns_c,
          glass_columns_a, glass_columns_a, glass_columns_b, glass_columns_a,
          glass_columns_a, glass_columns_a, glass_columns_a, glass_columns_c,
          glass_columns_a, glass_columns_b, glass_columns_c,
          chequers_ossuary_entry_cave
D:8:      basic_altar
D:9:      ashenzari_altar_1, minmay_strange_pillars, hangedman_pestilent_swarm,
          cheibrodos_worm_habitat, uniq_psyche
D:10:     erik_orc_1
D:11:     regret_index_tunnel_blossom
Temple:   compressed_dpeg_circular_temple
Lair:1:   basic_altar
Sewer:    sewer_big_baddie
Ossuary:  ossuary_tomb_1

Skill      XL: |  1  2  3  4  5  6  7  8  9 10 11 12 |
---------------+-------------------------------------+-----
Long Blades    | 3 4 5 6 9 10 11 12 14 | 14.0
Armour         | 4 7 10 13 | 13.1
Dodging        | 4 5 7 9 |  9.2
Fighting       | 5 |  5.1
Shields        | 4 |  4.1
Invocations    | 8 |  8.2

Action                   |  1- 3 |  4- 6 |  7- 9 | 10-12 || total
-------------------------+-------+-------+-------+-------++-------
Melee: Long sword        |    45 |   111 |   454 |   651 ||  1261
       Headbutt          |     9 |    24 |   115 |   177 ||   325
       Flail             |       |       |       |     4 ||     4
Throw: Javelin           |     1 |       |     3 |    16 ||    20
Invok: Heroism           |       |       |       |    16 ||    16
       Finesse           |       |       |       |     1 ||     1
Evoke: Wand              |       |       |       |     5 ||     5
  Use: Potion            |       |     4 |     4 |     9 ||    17
       Scroll            |       |     6 |    10 |       ||    16
 Stab: Invisible         |       |     2 |       |       ||     2
       Petrified         |       |       |       |     3 ||     3
       Distracted        |       |       |       |     1 ||     1
  Eat: Chunk             |       |     5 |    12 |    10 ||    27
       Fruit             |       |       |     1 |     2 ||     3
       Beef jerky        |       |       |     1 |       ||     1
       Royal jelly       |       |       |       |     3 ||     3
Armor: Scale mail        |    20 |    43 |   124 |   250 ||   437
       Troll leather arm |       |       |    40 |       ||    40
Dodge: Dodged            |    16 |    56 |   224 |   403 ||   699
Block: Buckler           |       |       |    57 |   144 ||   201
       Rpst.: Long sword |     3 |    20 |    73 |    99 ||   195
